 Dungeon Crawl Stone Soup version 0.31-a0-105-gc0b45f0da6 (webtiles) character file.

Game seed: 11014319736355606734

10289 Pohedonas the Protected (level 11, -3/151 HPs)
             Began as a Minotaur Fighter on May 27, 2023.
             Was a High Priest of Okawaru.
             Slain by a ten-headed hydra (10 damage)
             ... on level 11 of the Dungeon.
             The game lasted 00:22:24 (10427 turns).

Pohedonas the Protected (Minotaur Fighter)         Turns: 10427, Time: 00:22:24

Health: -3/151     AC: 25    Str: 24    XL:     11   Next: 34%
Magic:  10/10      EV:  2    Int:  3    God:    Okawaru [*****.]
Gold:   521        SH:  6    Dex: 11    Spells: 10/10 levels left

rFire   . . .        r - +1 broad axe (heavy)
rCold   . . .        c - +0 buckler
rNeg    . . .        e - melded +3 ring mail {rPois}
rPois   +            (helmet currently unavailable)
rElec   .            A - melded +0 cloak
rCorr   .            o - melded +0 pair of gloves
SInv    .            h - melded +1 pair of boots
Will    +....        x - amulet of regeneration
Stlth   +            B - ring of willpower
HPRegen 0.00/turn    (no ring)
MPRegen 0.12/turn

%: no passive effects
@: tree-form, inhibited regen
A: stationary, stasis, torment immunity, boosted hp, (horns 2), (retaliatory
headbutt), dopey 1, inhibited regeneration, MP-powered wands
a: Renounce Religion, Heroism, Finesse, Duel


You were on level 11 of the Dungeon.
You worshipped Okawaru.
Okawaru was extremely pleased with you.
You were a tree.
You visited 2 branches of the dungeon, and saw 12 of its levels.

You collected 521 gold pieces.

Inventory:

Hand Weapons
 a - a +1 war axe
 r - a +1 heavy broad axe (weapon)
 z - a +2 war axe of freezing
Armour
 c - a +0 buckler (worn)
 e - a +3 ring mail of poison resistance (melded)
 h - a +1 pair of boots (melded)
 o - a +0 pair of gloves (melded)
 A - a +0 cloak (melded)
Jewellery
 g - an amulet of the acrobat
 x - an amulet of regeneration (around neck)
 B - a ring of willpower (left branch)
 C - a ring of fire
 F - a ring of ice
Wands
 b - a wand of quicksilver (7)
 d - a wand of flame (92)
 u - a wand of roots (4)
 y - a wand of mindburst (14)
 D - a wand of polymorph (4)
Scrolls
 f - a scroll of blinking
 m - 3 scrolls of immolation
 n - 4 scrolls of magic mapping
 q - 2 scrolls of teleportation
 E - a scroll of identify
Potions
 i - 4 potions of enlightenment
 j - 3 potions of curing
 k - 2 potions of resistance
 l - 2 potions of cancellation
 p - a potion of attraction
 s - a potion of lignification
 t - 4 potions of heal wounds
 v - 2 potions of ambrosia
 w - a potion of haste


   Skills:
 + Level 10.3 Fighting
 + Level 10.0 Axes
 + Level 10.3 Armour
 + Level 8.7 Dodging
 + Level 10.3 Shields


You had 10 spell levels left.
You didn't know any spells.
Your spell library contained the following spells:

 Spells                   Type           Power      Damage    Failure   Level
 Static Discharge         Conj/Air       0%         2-2/arc   71%         2
 Volatile Blastmotes      Fire/Tloc      0%         2d10      90%         3
 Airstrike                Air            0%         2d(0-16)  100%        4
 Fulminant Prism          Conj/Hex       0%         3d5       100%        4
 Iskenderun's Mystic Bla  Conj/Tloc      0%         2d3       100%        4
 Borgnjor's Vile Clutch   Necr/Erth      0%         N/A       100%        5
 Lee's Rapid Deconstruct  Erth           0%         3d4*      100%        5
 Chain Lightning          Conj/Air       0%         N/A       100%        9
 Fire Storm               Conj/Fire      0%         5d1       100%        9
 Shatter                  Erth           0%         3d5*      100%        9
 Animate Dead             Necr           Unusable   N/A       N/A         4
 Summon Lightning Spire   Summ/Air       Unusable   N/A       N/A         4
 Death Channel            Necr           Unusable   N/A       N/A         6

Dungeon Overview and Level Annotations

Branches:
Dungeon (11/15)            Temple (1/1) D:6            Lair (0/5) D:9
    Orc: D:9-12

Altars:
Ashenzari
Cheibriados
Dithmenos
Elyvilon
Fedhas
Gozag
Hepliaklqana
Kikubaaqudgha
Makhleb
Okawaru
Qazlal
Ru
Sif Muna
Uskayaw
Vehumet
Wu Jian
Xom
Yredelemnul
Zin
The Shining One

Shops:
D:3 [(

Annotations:
D:7 3 runed translucent doors, PirateVox's ghost, novice TrMo; Voker57's ghost, novice DsGl; bezhaha's ghost, novice DjFE
Temple 2 transporters


Innate Abilities, Weirdness & Mutations

You are a tree.
Your roots penetrate the ground, keeping you stationary.
You cannot be teleported.
You are immune to unholy pain and torment.
Your maximum health is greatly increased.
Your equipment is partially melded.
((You have a pair of horns on your head.))
((You reflexively headbutt those who attack you in melee.))
You are dopey. (Int -2)
You do not regenerate when monsters are visible.
You expend magic power (3 MP) to strengthen your wands.


Message History

Unknown command.
Unknown command.
You are too injured to fight recklessly!
You barely miss the nine-headed hydra.
The nine-headed hydra is severely wounded.
The nine-headed hydra bites you. x2
The nine-headed hydra bites you but does no damage. x2
The nine-headed hydra bites you!
The nine-headed hydra bites you but does no damage. x2
You block the nine-headed hydra's attack.
The nine-headed hydra bites you!
* * * LOW HITPOINT WARNING * * *
The nine-headed hydra completely misses you.
The nine-headed hydra bites you but does no damage. x2
The nine-headed hydra bites you.
* * * LOW HITPOINT WARNING * * *
The nine-headed hydra bites you but does no damage. x2
You block the nine-headed hydra's attack.
The nine-headed hydra bites you but does no damage. x2
You chop one of the nine-headed hydra's heads off!
The eight-headed hydra grows two more!
You slice the ten-headed hydra!!
The ten-headed hydra is almost dead.
The ten-headed hydra bites you but does no damage. x6
You block the ten-headed hydra's attack.
The ten-headed hydra bites you!
* * * LOW HITPOINT WARNING * * *
The ten-headed hydra bites you but does no damage. x2
You hit the ten-headed hydra.
The ten-headed hydra is almost dead.
The ten-headed hydra barely misses you.
The ten-headed hydra bites you but does no damage. x4
The ten-headed hydra bites you!
* * * LOW HITPOINT WARNING * * *
The ten-headed hydra bites you but does no damage. x4
The ten-headed hydra bites you!
* * * LOW HITPOINT WARNING * * *
You block the ten-headed hydra's attack.
The ten-headed hydra bites you but does no damage.
The ten-headed hydra bites you!
You die...

###
##..###..#..###.
#...##..###..##.
#.......###.....
##........#..####
#..#####.....#
##..# #######
#..## ##..# #D♣.#
..........#
....#####.... ..#
###... . ##


You could see a ten-headed hydra.

Vanquished Creatures
  Fannar (D:10)
  4 two-headed ogres
  An ugly thing (D:7)
  An unseen horror (D:10)
  2 trolls
  2 dream sheep (D:8)
  A shadow (D:10)
  A wyvern (D:9)
  2 yaks (D:7)
  A vampire (D:7)
  2 steam dragons
  A vampire mosquito (D:7)
  An acid dragon (D:9)
  3 water moccasins
  An ice beast (D:7)
  2 orc warriors (D:10)
  2 black bears
  5 ogres
  6 centaurs
  A phantom (D:5)
  4 kobold brigands
  5 bullfrogs
  2 scorpions
  4 wights
  9 killer bees
  3 howler monkeys
  3 electric eels (D:9)
  3 jellies
  10 hounds
  2 gnoll boudas
  6 orc priests
  Ijyb (D:5)
  Natasha (thrice) (D:2)
  An iguana (D:5)
  A sleepcap (D:6)
  10 orc wizards
  13 gnolls
  4 adders
  A shadow imp (D:6)
  3 white imps
  3 worms
  A dart slug (D:4)
  29 orcs
  A bat (D:1)
  5 endoplasms
  5 goblins
  7 hobgoblins
  7 kobolds
  6 ball pythons
  3 frilled lizards
  9 rats
204 creatures vanquished.

Vanquished Creatures (others)
  A gnoll sergeant (D:5)
1 creature vanquished.

Grand Total: 205 creatures vanquished

Notes
Turn   | Place    | Note
-------+----------+-------------------------------------------
     0 | D:1      | Pohedonas the Minotaur Fighter began the quest for the Orb.
     0 | D:1      | Reached XP level 1. HP: 19/19 MP: 0/0
    94 | D:1      | Reached XP level 2. HP: 27/27 MP: 1/1
   395 | D:2      | Reached skill level 1 in Dodging
   396 | D:2      | Identified the +10 dagger of Hial {freeze, rF- MP+9 Str+3}
   518 | D:2      | Reached XP level 3. HP: 31/33 MP: 2/2
   610 | D:2      | Reached XP level 4. HP: 25/40 MP: 3/3
   723 | D:2      | Noticed Natasha
   731 | D:2      | Killed Natasha
  1268 | D:2      | Noticed Natasha
  1274 | D:2      | Killed Natasha
  1275 | D:2      | Reached XP level 5. HP: 42/47 MP: 4/4
  1279 | D:2      | Noticed Natasha
  1283 | D:2      | Killed Natasha
  1318 | D:3      | Found Nahuzoun's Weapon Emporium.
  1748 | D:3      | Found Vautogg's Armour Shop.
  2118 | D:4      | You fall into a shaft and drop 1 floor!
  2118 | D:5      | Entered Level 5 of the Dungeon
  2137 | D:5      | Noticed Ijyb
  2144 | D:5      | Killed Ijyb
  2151 | D:5      | Reached XP level 6. HP: 38/55 MP: 5/5
  2157 | D:5      | Reached skill level 5 in Armour
  2157 | D:5      | Reached skill level 5 in Shields
  2271 | D:5      | Reached skill level 5 in Fighting
  2537 | D:4      | Reached XP level 7. HP: 23/61 MP: 6/6
  2689 | D:4      | Identified the +6 quarterstaff "Tutaishrero" {flame, rF++
                  | Str+3 Int+3}
  3136 | D:4      | Reached skill level 5 in Axes
  3841 | D:5      | Reached XP level 8. HP: 62/70 MP: 7/7
  3911 | D:5      | Found a glowing silver altar of Zin.
  4365 | D:6      | Found an opulent altar of Gozag.
  4647 | D:6      | Found a staircase to the Ecumenical Temple.
  4661 | Temple   | Entered the Ecumenical Temple
  4661 | Temple   | Found a transporter.
  4661 | Temple   | Found a transporter.
  4664 | Temple   | Found a transporter.
  4664 | Temple   | Found a transporter.
  4681 | Temple   | Became a worshipper of Warmaster Okawaru
  5019 | D:6      | Reached skill level 5 in Dodging
  5242 | D:6      | Gained mutation: You do not regenerate when monsters are
                  | visible. [potion of mutation]
  5242 | D:6      | Gained mutation: You expend magic power (3 MP) to
                  | strengthen your wands. [potion of mutation]
  5242 | D:6      | Gained mutation: You are dopey. (Int -2) [potion of
                  | mutation]
  5462 | D:7      | Reached * piety under Okawaru
  5626 | D:7      | Found a runed translucent gate.
  5627 | D:7      | Found a runed translucent gate.
  5628 | D:7      | Found a runed translucent gate.
  5630 | D:7      | Noticed PirateVox's ghost (novice TrMo)
  5630 | D:7      | Noticed Voker57's ghost (novice DsGl)
  5630 | D:7      | Noticed bezhaha's ghost (novice DjFE)
  5682 | D:7      | Reached XP level 9. HP: 14/79 MP: 8/8
  6065 | D:7      | Noticed a green ugly thing
  6065 | D:7      | Noticed a troll
  6081 | D:7      | Reached ** piety under Okawaru
  6085 | D:7      | Killed a troll
  6089 | D:7      | Killed a green ugly thing
  6320 | D:7      | Reached *** piety under Okawaru
  6951 | D:7      | Reached XP level 10. HP: 65/90 MP: 9/9
  7333 | D:8      | Noticed a two-headed ogre
  7344 | D:8      | Killed a two-headed ogre
  7344 | D:8      | Reached **** piety under Okawaru
  7981 | D:8      | Found a sacrificial altar of Ru.
  8203 | D:8      | Noticed a three-headed hydra
  8348 | D:9      | Identified the +1 leather armour "Wujil" {Stlth+}
  9033 | D:9      | Found a staircase to the Lair.
  9340 | D:10     | Entered Level 10 of the Dungeon
  9454 | D:10     | Reached ***** piety under Okawaru
  9558 | D:10     | Noticed a two-headed ogre
  9567 | D:10     | Killed a two-headed ogre
  9568 | D:10     | Reached XP level 11. HP: 63/99 MP: 10/10
  9891 | D:10     | Noticed Fannar
  9918 | D:10     | Killed Fannar
  9919 | D:10     | Reached skill level 10 in Fighting
  9919 | D:10     | Reached skill level 10 in Armour
  9919 | D:10     | Reached skill level 10 in Shields
 10091 | D:11     | Noticed a two-headed ogre
 10096 | D:11     | Noticed a two-headed ogre
 10101 | D:11     | Killed a two-headed ogre
 10103 | D:11     | Killed a two-headed ogre
 10104 | D:11     | Reached skill level 10 in Axes
 10155 | D:11     | Found a shadowy altar of Dithmenos.
 10161 | D:11     | Identified a scroll of acquirement
 10161 | D:11     | Acquired a +1 heavy broad axe
 10275 | D:11     | HP: 5/101 [slime creature (2)]
 10414 | D:11     | Noticed a four-headed hydra
 10427 | D:11     | HP: 7/151 [ten-headed hydra (10)]
 10427 | D:11     | Slain by a ten-headed hydra

Illustrated notes

Levels and vault maps discovered:
D:1:      ebering_hopf_link, layout_rooms
D:2:      layout_loops_ring, minmay_cupped, uniq_natasha
D:3:      layout_loops_corners, serial_shops, nicolae_shop_hallway_stairs,
          nicolae_shop_bloodbath_and_beyond
D:4:      layout_basic
D:5:      layout_loops_ring, kennysheep_little_box, dk_noncrumbling_4, uniq_ijyb
D:6:      layout_loops_corners, grunt_gozag_statues,
          minmay_temple_entry_junction, chequers_decorated_corner
D:7:      nzn_winding_woodlands_medium [nzn_winding_woodlands_5x5_checkerboard,
          nzn_winding_woodlands_5x15_sawtooth, nzn_winding_woodlands_5x5_cross,
          nzn_winding_woodlands_5x5_closed_star,
          nzn_winding_woodlands_center_triple_pond,
          nzn_winding_woodlands_hourglass, nzn_winding_woodlands_5x5_perimeter,
          nzn_winding_woodlands_5x15_eye, nzn_winding_woodlands_5x5_open_star],
          layout_basic, gammafunk_ghost_cemetery, dreamdust_wishing_well,
          hex_intersection
D:8:      layout_loops_ring, nicolae_ru_the_path_less_chosen, hangedman_ranch
D:9:      layout_cave_pools, erik_lair_island
D:10:     layout_rooms, nrook_uturn, uniq_fannar
D:11:     layout_cave_pods, david_orc_2, nicolae_dithmenos_shadow_blocks
Temple:   hellmonk_temple_divided_pantheon

Skill      XL: |  1  2  3  4  5  6  7  8  9 10 11 |
---------------+----------------------------------+-----
Dodging        | 1 2 3 4 5 6 8 |  8.7
Fighting       | 4 5 6 7 8 9 10 | 10.3
Axes           | 3 4 5 6 8 9 10 | 10.0
Armour         | 4 5 6 7 8 9 10 | 10.3
Shields        | 4 5 6 7 8 9 10 | 10.3

Action                     |  1- 3 |  4- 6 |  7- 9 | 10-12 || total
---------------------------+-------+-------+-------+-------++-------
  Melee: War axe           |    63 |   102 |   272 |   199 ||   636
         Headbutt          |     7 |    17 |    50 |    43 ||   117
         Broad axe         |       |       |       |    15 ||    15
  Evoke: Wand              |       |       |       |     7 ||     7
    Use: Scroll            |     6 |     5 |     8 |     9 ||    28
         Potion            |       |     2 |     2 |     4 ||     8
   Stab: Invisible         |       |     1 |       |       ||     1
 Armour: Scale mail        |    21 |    18 |       |       ||    39
         Ring mail         |       |     8 |   142 |   119 ||   269
         Skin              |       |       |       |    68 ||    68
  Dodge: Dodged            |    27 |    53 |   168 |   154 ||   402
  Block: Buckler           |    16 |    19 |    73 |    85 ||   193

Table legend: (Time is in decaauts)
 A = Elapsed time spent in this place.
 B = Non-inter-level travel time spent in this place.
 C = Inter-level travel time spent in this place.
 D = Time resting spent in this place.
 E = Time spent auto-exploring this place.
 F = Levels seen in this place.
 G = Mean time per level.
                   A        B        C        D        E       F      G
               +--------+--------+--------+--------+--------+-----+--------+
         Total |  10565 |  10303 |    262 |    629 |   7845 |  12 |  880.4 |
       Dungeon |  10522 |  10260 |    262 |    629 |   7845 |  11 |  956.5 |
        Temple |     42 |     42 |      0 |      0 |      0 |   1 |   42.0 |
               +--------+--------+--------+--------+--------+-----+--------+

Top non-repeatable levels by time:
     D:7: 2035 daAuts
     D:5: 1288 daAuts
     D:8: 1189 daAuts
     D:4: 1004 daAuts
     D:6: 932 daAuts
     D:9: 872 daAuts
     D:2: 858 daAuts
     D:3: 837 daAuts
    D:10: 744 daAuts
     D:1: 404 daAuts
    D:11: 356 daAuts
  Temple: 42 daAuts
